 Dungeon Crawl Stone Soup version 0.30-a0-373-gd37427bb62 (webtiles) character file.

Game seed: 6336443029883274578

506 Shayle the Chopper (level 6, -3/49 HPs)
             Began as a Demonspawn Reaver on Nov 24, 2022.
             Was an Initiate of Ashenzari.
             Slain by Pikel
             ... wielding a +1 whip of electrocution
              (14 damage)
             ... on level 5 of the Dungeon.
             The game lasted 00:07:13 (3457 turns).

Shayle the Chopper (Demonspawn Reaver)              Turns: 3457, Time: 00:07:13

Health: -3/49      AC:  9    Str: 12    XL:     6   Next: 97%
Magic:  9/9        EV: 11    Int: 16    God:    Ashenzari [......]
Gold:   133        SH:  0    Dex: 12    Spells: 5/9 levels left

rFire   . . .      SeeInvis .    i - +0 hand axe (venom)
rCold   . . .      Faith    .    (no shield)
rNeg    + . .      Spirit   .    b - +0 leather armour
rPois   .          Reflect  .    m - +2 helmet
rElec   .          Harm     .    (no cloak)
rCorr   .          Rampage  .    (no gloves)
Will    .....                    e - +0 pair of boots
Stlth   +.........               (no amulet)
HPRegen 0.28/turn                t - ring of positive energy
MPRegen 0.11/turn                (no ring)

@: no status effects
A: icy blue scales 1, foul stench 1, weakness stinger 1
a: Renounce Religion


You were on level 5 of the Dungeon.
You worshipped Ashenzari.
Ashenzari was noncommittal.
You visited 2 branches of the dungeon, and saw 6 of its levels.

You collected 133 gold pieces.

Inventory:

Hand Weapons
 a - a +0 hand axe
 i - a +0 hand axe of venom (weapon)
Missiles
 v - 5 atropa-tipped darts
Armour
 b - a +0 leather armour (worn)
 e - a +0 pair of boots (worn)
 m - a +2 helmet (worn)
Jewellery
 g - a ring of ice
 t - a ring of positive energy (left hand)
Wands
 r - a wand of flame (21)
Scrolls
 d - 2 scrolls of amnesia {unknown}
 h - a scroll of teleportation
 j - a scroll of enchant armour {unknown}
 k - 2 scrolls of identify {unknown}
 n - a scroll of poison {unknown}
 q - a scroll of blinking {unknown}
 u - a scroll of magic mapping {unknown}
Potions
 c - a potion of flight {unknown}
 f - a potion of attraction
 l - a potion of might {unknown}
 o - a potion of lignification {unknown}
 p - a potion of curing
 s - a potion of brilliance {unknown}


   Skills:
 + Level 4.6 Fighting
 + Level 4.7 Axes
 + Level 3.6 Armour
 - Level 1.7 Dodging
 - Level 2.0 Spellcasting
 - Level 3.0 Conjurations


You had 5 spell levels left.
You knew the following spells:

 Your Spells              Type           Power      Damage    Failure   Level
a - Kiss of Death         Conj/Necr      24%        2d7       14%         1
b - Hailstorm             Conj/Ice       6%         3d4       38%         3

Your spell library contained the following spells:

 Spells                   Type           Power      Damage    Failure   Level
 Momentum Strike          Conj/Tloc      12%        3d8       22%         2
 Necrotise                Necr           4%         1d4       26%         1
 Ensorcelled Hibernation  Hex/Ice        2%         N/A       36%         2
 Spider Form              Tmut/Pois      1%         N/A       61%         3
 Vampiric Draining        Necr           1%         2d6       61%         3
 Anguish                  Hex/Necr       0%         N/A       95%         4
 Agony                    Necr           1%         N/A       100%        5


Dungeon Overview and Level Annotations

Branches:
Dungeon (5/15)             Temple (1/1) D:4

Altars:
Ashenzari
Cheibriados
Fedhas
Gozag
Hepliaklqana
Makhleb
Nemelex Xobeh
Okawaru
Qazlal
Sif Muna
Uskayaw
Vehumet
Wu Jian

Annotations:
D:5 Pikel


Innate Abilities, Weirdness & Mutations

You are partially covered in icy blue scales. (AC +2)
You may rarely emit foul miasma when damaged in melee.
You have a small tail.


Message History

a +0 dagger; a +0 robe
There is an open door here.
Found 5 atropa-tipped darts.
You see here 5 atropa-tipped darts.
v - 5 atropa-tipped darts You start resting.
HP restored.
Found a stone staircase leading up.
Found 9 stones. 2 lemures come into view.
Found a stone staircase leading up.
The lemure shouts!
You hear a shout! x3
Pikel, Merchant of Souls comes into view.
He is wielding a +1 whip of electrocution.
Pikel shouts!
You hear a shout!
A lemure comes into view.
You hit Pikel but do no damage.
Pikel is poisoned.
You hit the lemure.
The lemure is poisoned.
A lemure comes into view.
Pikel hits you with a +1 whip of electrocution.
You are electrocuted!!
You hit Pikel.
Pikel looks as sick as possible!
Pikel is lightly wounded.
You hit the lemure but do no damage. You completely miss the lemure.
Pikel hits you with a +1 whip of electrocution.
An orc comes into view. It is wielding a +0 short sword.
The lemure barely misses you. The lemure hits you.
You barely miss Pikel.
Pikel is moderately wounded.
You hit the lemure but do no damage.
The lemure looks as sick as possible!
You miss the lemure. The lemure hits you but does no damage.
Pikel hits you with a +1 whip of electrocution.
The lemure hits you but does no damage.
You closely miss Pikel.
Your tail-slap misses Pikel.
Pikel is moderately wounded.
You hit the lemure.
The lemure looks as sick as possible!
You hit the lemure but do no damage.
The lemure is poisoned.
Pikel hits you with a +1 whip of electrocution!
* * * LOW HITPOINT WARNING * * *
You are electrocuted!
You die...

#. #.# #.# #
#.# .#.###.#
.....(.#
.......###o#.#
#5@K55..#
#5###<..#
#..5......
#.####.### #
#.####.##
#.#....<...
###.#.#..##.###
............#
###.###.....#


You could see Pikel (extremely poisoned), 4 lemures and an orc.

Vanquished Creatures
  Duvessa (D:5)
  A black bear (D:3)
  A scorpion (D:4)
  Dowan (D:5)
  An orc priest (D:4)
  Natasha (D:2)
  An iguana (D:5)
  4 adders
  2 worms (D:2)
  A dart slug (D:4)
  3 orcs
  9 endoplasms
  3 giant cockroaches
  A goblin (D:4)
  7 hobgoblins
  14 jackals
  3 kobolds
  4 quokkas
  10 ball pythons
  7 bats
  6 frilled lizards
  3 rats
84 creatures vanquished.

Notes
Turn   | Place    | Note
-------+----------+-------------------------------------------
     0 | D:1      | Shayle the Demonspawn Reaver began the quest for the Orb.
     0 | D:1      | Reached XP level 1. HP: 16/16 MP: 3/3
   168 | D:1      | Gained mutation: You have a small tail. [demonic ancestry]
   168 | D:1      | Reached XP level 2. HP: 22/22 MP: 5/5
   392 | D:1      | Reached skill level 1 in Armour
   602 | D:2      | Gained mutation: You may rarely emit foul miasma when
                  | damaged in melee. [demonic ancestry]
   602 | D:2      | Reached XP level 3. HP: 25/28 MP: 6/6
   830 | D:2      | Noticed Natasha
   838 | D:2      | Killed Natasha
   839 | D:2      | Gained mutation: You are partially covered in icy blue
                  | scales. (AC +2) [demonic ancestry]
   839 | D:2      | Reached XP level 4. HP: 33/34 MP: 7/7
  2132 | D:3      | Found a radiant altar of Vehumet.
  2134 | D:3      | Found a sparkling altar of Nemelex Xobeh.
  2214 | D:4      | Noticed a black bear
  2227 | D:3      | Killed a black bear
  2228 | D:3      | Reached XP level 5. HP: 29/42 MP: 8/8
  2307 | D:4      | Found a hazy altar of Hepliaklqana.
  2411 | D:4      | Learned a level 3 spell: Hailstorm
  2710 | D:4      | Found a staircase to the Ecumenical Temple.
  2713 | D:4      | Reached XP level 6. HP: 48/48 MP: 9/9
  2724 | Temple   | Entered the Ecumenical Temple
  2890 | Temple   | Became a worshipper of Ashenzari the Shackled
  3073 | D:5      | Entered Level 5 of the Dungeon
  3092 | D:5      | Noticed Dowan
  3092 | D:5      | Noticed Duvessa
  3094 | D:5      | Noticed a yak
  3099 | D:5      | Noticed a yak
  3243 | D:5      | Noticed a yak
  3246 | D:5      | Noticed a yak
  3254 | D:5      | HP: 1/48 [yak (9)]
  3254 | D:5      | Killed Duvessa
  3376 | D:5      | Killed Dowan
  3452 | D:5      | Noticed Pikel
  3457 | D:5      | Slain by Pikel

Illustrated notes

Levels and vault maps discovered:
D:1:      dpeg_arrival_simpleton_b, layout_rooms
D:2:      layout_basic, minmay_pentomino_v4, uniq_natasha
D:3:      layout_loops_corners, nicolae_overflow_hidden_temple
D:4:      layout_basic, worldfamousw_hep_ancestral_shrine,
          minmay_temple_entry_fiery
D:5:      layout_basic, serial_shops, nicolae_shop_advertising_works
          [nicolae_subvault_shop_adworks], uniq_pikel, uniq_duvessa,
          uniq_blork_the_orc
Temple:   chequers_temple_sunken

Skill      XL: |  1  2  3  4  5  6 |
---------------+-------------------+-----
Axes           | 3 4 |  4.7
Armour         | 1 2 3 |  3.6
Fighting       | 3 4 |  4.6
Dodging        | |  1.7
Spellcasting   | |  2.0
Conjurations   | |  3.0

Action                   |  1- 3 |  4- 6 || total
-------------------------+-------+-------++-------
Melee: Hand axe          |    90 |   154 ||   244
       Tailslap          |     6 |    22 ||    28
  Use: Potion            |       |     3 ||     3
       Scroll            |       |     1 ||     1
 Stab: Sleeping          |       |     1 ||     1
Armor: Leather armour    |    32 |    83 ||   115
Dodge: Dodged            |    53 |    98 ||   151

Table legend: (Time is in decaauts)
 A = Elapsed time spent in this place.
 B = Non-inter-level travel time spent in this place.
 C = Inter-level travel time spent in this place.
 D = Time resting spent in this place.
 E = Time spent auto-exploring this place.
 F = Levels seen in this place.
 G = Mean time per level.
                   A        B        C        D        E       F      G
               +--------+--------+--------+--------+--------+-----+--------+
         Total |   3527 |   3350 |    177 |    309 |   2223 |   6 |  587.8 |
       Dungeon |   3303 |   3156 |    147 |    309 |   2050 |   5 |  660.6 |
        Temple |    223 |    193 |     30 |      0 |    173 |   1 |  223.0 |
               +--------+--------+--------+--------+--------+-----+--------+

Top non-repeatable levels by time:
     D:3: 984 daAuts
     D:4: 755 daAuts
     D:2: 755 daAuts
     D:1: 548 daAuts
     D:5: 258 daAuts
  Temple: 223 daAuts
